Map: [ESL] Stargazers

Players

NightMare

  • Race: Protoss Protoss
  • League: Master
  • Spawn Location: 11:00

trigger - Winner!

  • Race: Protoss Protoss
  • League: Master
  • Spawn Location: 1:00

Event: TSL 9

VOD

Have the link to the VOD?

Description

Time

  • Played on: July 31, 2022, 10:10 a.m.
  • Length: 5:15

All games in this series

Show
View Real Time Build Order
Export as new Build Order

NightMare Protoss 

Build Orders:  

Get SALT Encoding   

  12  0:00  Probe  
  13  0:12  Probe  
  14  0:18  Pylon  
  14  0:24  Probe (Chrono Boost)  
  15  0:36  Probe (Chrono Boost)  
  15  0:37  Gateway  
  16  0:45  Probe (Chrono Boost)  
  16  0:47  Assimilator  
  17  0:50  Probe  
  17  0:56  Assimilator  
  18  1:03  Probe (Chrono Boost)  
  19  1:13  Probe (Chrono Boost)  
  19  1:15  Gateway  
  20  1:20  Assimilator  
  20  1:27  Cybernetics Core  
  20  1:30  Probe  
  21  1:37  Pylon  
  21  1:42  Probe  
  22  1:54  Probe  
  22  1:59  Pylon  
  23  2:06  Stalker x2  
  23  2:07  Warp Gate (Chrono Boost)  
  27  2:20  Robotics Facility  
  27  2:28  Gateway  
  27  2:38  Stalker  
  27  2:40  Stalker  
  31  2:47  Pylon  
  31  3:04  Warp Prism (Chrono Boost)  
  33  3:16  Stalker  
  35  3:23  Stalker  
  37  3:27  Stalker  
  39  3:35  Pylon  
  39  3:42  Pylon  
  39  3:53  Observer  
  40  4:06  Stalker x2  
  40  4:07  Stalker  
  46  4:38  Sentry x2, Stalker  
  52  4:52  Probe  
Show
View Real Time Build Order
Export as new Build Order

trigger Protoss - Winner!

Build Orders: 1 Gate Expand 

Get SALT Encoding   

  12  0:00  Probe  
  13  0:12  Probe  
  14  0:18  Pylon  
  14  0:24  Probe (Chrono Boost)  
  15  0:37  Gateway  
  15  0:38  Probe (Chrono Boost)  
  16  0:44  Probe (Chrono Boost)  
  16  0:46  Assimilator  
  17  0:53  Probe  
  18  1:05  Probe  
  19  1:17  Probe  
  20  1:25  Nexus  
  20  1:31  Cybernetics Core  
  20  1:34  Probe  
  21  1:47  Probe  
  21  1:48  Pylon  
  22  1:59  Probe  
  23  2:04  Warp Gate (Chrono Boost)  
  23  2:07  Gateway, Stalker  
  25  2:12  Probe  
  26  2:17  Shield Battery  
  26  2:25  Probe, Assimilator  
  28  2:37  Probe  
  28  2:38  Probe  
  28  2:39  Stalker (Chrono Boost)  
  31  2:49  Probe  
  31  2:50  Probe  
  33  2:56  Stalker (Chrono Boost)  
  35  3:01  Probe  
  35  3:02  Probe  
  37  3:09  Pylon  
  37  3:13  Robotics Facility, Probe  
  37  3:19  Probe  
  39  3:25  Probe  
  40  3:31  Probe  
  41  3:35  Stalker x2  
  41  3:37  Probe  
  46  3:43  Probe  
  47  3:49  Probe, Pylon  
  49  3:55  Probe  
  49  3:57  Immortal (Chrono Boost)  
  49  3:58  Pylon  
  49  4:02  Probe  
  54  4:04  Assimilator  
  54  4:08  Stalker x2  
  58  4:10  Probe  
  58  4:14  Probe  
  58  4:16  Pylon  
  60  4:26  Shield Battery  
  60  4:30  Immortal (Chrono Boost)  
  62  4:35  Stalker  
  64  4:48  Stalker  
  64  4:49  Probe  
  65  4:59  Gateway  
  65  5:00  Gateway  
  65  5:07  Assimilator  
Tags
 
Add a new tag
Caveats
  • Supply blocks, unpowered buildings, or Contaminate may cause inaccurate times.
  • Supply counts are checked every 10 seconds.